 Dungeon Crawl Stone Soup version 0.19-a0-157-gbc558dc (webtiles) character file.

172 wvc the Chiller (level 5, -2/35 HPs)
             Began as a Mummy Ice Elementalist on May 20, 2016.
             Killed from afar by an orc wizard (15 damage)
             ... with a puff of flame
             ... on level 3 of the Dungeon.
             The game lasted 00:07:12 (2594 turns).

wvc the Chiller (Mummy Ice Elementalist)            Turns: 2594, Time: 00:07:13

Health: -2/35      AC:  5    Str: 17    XL:     5   Next: 27%
Magic:  10/10      EV: 11    Int: 16    God:
Gold:   73         SH:  0    Dex: 12    Spells: 3 memorised, 2 levels left

rFire  x . .     SeeInvis .     a - +2 dagger (vamp)
rCold  + . .     Gourm    .     p - +0 ring mail
rNeg   + + +     Faith    .     (no shield)
rPois  ∞         Spirit   .     (no helmet)
rElec  .         Dismiss  .     (no cloak)
rCorr  .         Reflect  .     (no gloves)
SustAt .         Harm     .     (no boots)
MR     .....                    (no amulet)
Stlth  ..........               n - +6 ring of strength
                                i - ring of wizardry

@: confused, not resistant to hostile enchantments, extremely unstealthy
A: no food or potions, fire vulnerability, cold resistance 1, negative energy
resistance 3, torment resistance, unbreathing
a: no special abilities


You were on level 3 of the Dungeon.
You were not hungry.

You visited 1 branch of the dungeon, and saw 3 of its levels.

You collected 73 gold pieces.

Inventory:

Hand Weapons
 a - a +2 vampiric dagger (weapon)
 c - a +2 hand axe of venom
 k - a +2 dagger of protection
Missiles
 d - 16 poisoned needles
 h - 4 needles of confusion
 j - 2 javelins (quivered)
Armour
 p - a +0 ring mail (worn)
Jewellery
 e - an uncursed ring of protection from fire
 i - a ring of wizardry (left hand)
 n - a +6 ring of strength (right hand)
Wands
 l - a wand of digging (17/24)
 o - a wand of lightning (12/15)
Scrolls
 f - a scroll of recharging
 g - 2 scrolls of identify
 m - 2 scrolls of remove curse
Books
 b - a book of Frost

   Spells                             Type                      Level
   a - Freeze                         Ice                          1
   b - Throw Frost                    Conjuration/Ice              2
   c - Ozocubu's Armour               Charms/Ice                   3
   d - Throw Icicle                   Conjuration/Ice              4
   e - Summon Ice Beast               Ice/Summoning                4


   Skills:
 - Level 1.5 Dodging
 - Level 1.5 Stealth
 + Level 3.3 Spellcasting
   Level 0.7 Conjurations
 * Level 0.1 Summonings
 * Level 4.2 Ice Magic


You had 2 spell levels left.
You knew the following spells:

 Your Spells              Type           Power        Failure   Level  Hunger
a - Freeze                Ice            ###.         3%          1    N/A
b - Ozocubu's Armour      Chrm/Ice       #.......     24%         3    N/A
c - Summon Ice Beast      Ice/Summ       #.......     71%         4    N/A

Dungeon Overview and Level Annotations

Branches:
Dungeon (3/15)

Altars:
The Shining One


Innate Abilities, Weirdness & Mutations

You do not eat or drink.
Your flesh is vulnerable to fire.
You are immune to poison.
Your flesh is cold resistant.
You are immune to negative energy.
You are immune to unholy pain and torment.
You can survive without breathing.


Message History

The orc wizard points at you and mumbles some strange words.
You resist with some effort.
You hit the orc wizard but do no damage.
The orc wizard is moderately wounded.
The orc wizard gestures at you while chanting.
You are confused.
You are too confused!
You are too confused!
You are too confused!
You are too confused!
You are too confused!
You bump into the rock wall.
The orc wizard barely misses you.
You hit the orc wizard.
The orc wizard is moderately wounded.
The orc wizard casts a spell at you. The puff of flame hits you!
The fire burns you terribly!
You bump into the rock wall.
The orc wizard casts a spell at you. The puff of flame hits you!
The fire burns you terribly!
You die...

#.# #.#.# # #.#
#.#.## ##o.#
##.###..#.###.oo...
#......###.o..#
#..###..#.#####
#..# #.#.## #..#
#o#.# #..# #o#..
...# #@#### ##.##
#<# #. #.# #.# #..
.## . ) ##


You could see an orc wizard and an orc.

Vanquished Creatures
  Ijyb (D:2)
  Natasha (D:3)
  4 adders (D:2)
  4 oozes
  A worm (D:3)
  2 dart slugs
  A giant gecko (D:2)
  2 orcs (D:3)
  10 goblins
  4 hobgoblins
  6 jackals (D:2)
  9 kobolds
  7 bats
  3 giant newts
  6 rats
61 creatures vanquished.

Notes
Turn   | Place    | Note
--------------------------------------------------------------
     0 | D:1      | wvc the Mummy Ice Elementalist began the quest for the Orb.
     0 | D:1      | Reached XP level 1. HP: 13/13 MP: 3/3
   282 | D:1      | Reached XP level 2. HP: 19/19 MP: 0/5
   481 | D:1      | Reached skill level 3 in Ice Magic
   559 | D:1      | Found a glowing golden altar of the Shining One.
   585 | D:1      | Reached XP level 3. HP: 24/24 MP: 6/6
  1257 | D:2      | Learned a level 3 spell: Ozocubu's Armour
  1327 | D:2      | Noticed Ijyb
  1345 | D:2      | Killed Ijyb
  1345 | D:2      | Reached XP level 4. HP: 25/30 MP: 0/8
  1854 | D:2      | Reached skill level 4 in Ice Magic
  2175 | D:3      | Noticed Natasha
  2243 | D:2      | Reached XP level 5. HP: 35/35 MP: 9/9
  2249 | D:2      | Learned a level 4 spell: Summon Ice Beast
  2545 | D:3      | Killed Natasha
  2594 | D:3      | Killed from afar by an orc wizard

Vault maps used:
D:1:      dpeg_arrival_tiny_d, minivault_5, tso_altar
D:2:      kennysheep_the_goblin_king
D:3:      uniq_natasha

Skill      XL: |  1  2  3  4 |
---------------+-------------+-----
Ice Magic      | 3 4 |  4.2
Spellcasting   | 3 |  3.3
Dodging        | |  1.5
Stealth        | |  1.5
Conjurations   | |  0.7
Summonings     | |  0.1

Action                   |  1- 3 |  4- 6 || total
-------------------------+-------+-------++-------
Melee: Dagger            |    85 |   121 ||   206
 Cast: Freeze            |    21 |     3 ||    24
       Ozocubu's Armour  |       |     1 ||     1
Evoke: Wand              |       |     3 ||     3
  Use: Scroll            |       |     6 ||     6
 Stab: Sleeping          |     2 |     1 ||     3
Armor: Leather armour    |    30 |    23 ||    53
       Robe              |     1 |       ||     1
       Ring mail         |       |     8 ||     8
Dodge: Dodged            |    58 |    73 ||   131
